 Dungeon Crawl Stone Soup version 0.29.1-15-g9cfb28693d (webtiles) character file.

Game seed: 15755791280249238351

66 Barneous the Chucker (level 4, 0/28 HPs)
             Began as an Octopode Wanderer on Mar 24, 2023.
             Killed by nerve-wracking pain
             ... invoked by an orc priest
              (11 damage)
             ... on level 3 of the Dungeon.
             The game lasted 00:06:03 (2691 turns).

Barneous the Chucker (Octopode Wanderer)            Turns: 2691, Time: 00:06:03

Health: 0/28       AC:  1    Str: 15    XL:     4   Next: 15%
Magic:  5/5        EV: 12    Int: 15    God:
Gold:   78         SH:  0    Dex:  8    Spells: 4/5 levels left

rFire   . . .      SeeInvis .   a - +2 dagger
rCold   . . .      Faith    .   (no shield)
rNeg    . . .      Spirit   .   (helmet restricted)
rPois   .          Reflect  .   (no amulet)
rElec   .          Harm     .   (no ring)
rCorr   .          Rampage  .   (no ring)
Will    .....                   (no ring)
Stlth   +++.......              (no ring)
HPRegen 0.09/turn               (no ring)
MPRegen 0.09/turn               (no ring)
                                (no ring)
                                (no ring)

@: no status effects
A: almost no armour, amphibious, 8 rings, camouflage 1, gelatinous body 1,
(nimble swimmer 1), tentacles
a: no special abilities


You were on level 3 of the Dungeon.
You visited 1 branch of the dungeon, and saw 3 of its levels.

You collected 78 gold pieces.

Inventory:

Hand Weapons
 a - a +2 dagger (weapon)
 h - a +0 dagger of speed
Missiles
 b - a curare-tipped dart
 l - 4 poisoned darts
Jewellery
 i - a +4 ring of evasion
 j - a ring of poison resistance
Scrolls
 c - 2 scrolls of teleportation
 d - 3 scrolls of blinking
 f - a scroll of identify
 k - a scroll of amnesia
Potions
 e - a potion of curing
 g - a potion of heal wounds


   Skills:
 + Level 1.0 Fighting
 * Level 1.3 Short Blades
 - Level 5.0 Throwing
 * Level 1.6 Dodging
 * Level 2.6 Stealth
 * Level 0.5 Unarmed Combat
 * Level 1.2 Spellcasting
 * Level 1.0 Conjurations
 * Level 2.2 Fire Magic


You had 4 spell levels left.
You knew the following spells:

 Your Spells              Type           Power      Damage    Failure   Level
a - Foxfire               Conj/Fire      20%        2x1d5     12%         1

Your spell library contained the following spells:

 Spells                   Type           Power      Damage    Failure   Level
 Beastly Appendage        Tmut           0%         N/A       24%         1
 Wereblood                Tmut           0%         N/A       36%         2
 Conjure Flame            Conj/Fire      5%         6-21      36%         3
 Spider Form              Tmut/Pois      0%         N/A       58%         3


Dungeon Overview and Level Annotations

Branches:
Dungeon (3/15)

Altars:
Fedhas
Ru


Innate Abilities, Weirdness & Mutations

You cannot wear most types of armour.
You are amphibious.
You can wear up to eight rings at the same time.
Your skin changes colour to match your surroundings (Stealth+).
Your rubbery body absorbs attacks. (AC +1, EV +1)
((You are camouflaged when in or above water. (Stealth+)))
You have tentacles for arms and can constrict up to eight enemies at once.


Message History

Found 16 gold pieces.
An orc priest comes into view. It is wielding a +0 club.
An orc comes into view. It is wielding a +1 vorpal hand axe.
The orc priest shouts!
You hear a shout!
The orc shouts! x2
An orc comes into view. It is wielding a +0 dagger.
You hit the orc but do no damage. Your grab misses the orc.
Your squeeze misses the orc. You hit the orc but do no damage.
You grab the orc.
You constrict the orc, but do no damage.
The orc escapes!
You hit the orc but do no damage. You grab the orc.
You tentacle-slap the orc, but do no damage.
You constrict the orc, but do no damage.
The orc priest calls down the wrath of Beogh upon you.
Pain shoots through your body! The orc barely misses you.
You hit the orc but do no damage. You squeeze the orc!
You kill the orc!
The orc priest hits you with a +0 club.
You barely miss the orc priest. You grab the orc priest.
You squeeze the orc priest, but do no damage.
You constrict the orc priest, but do no damage.
The orc priest hits you with a +0 club.
You hit the orc priest but do no damage.
You constrict the orc priest. The orc priest barely misses you.
The orc hits you with a +0 dagger.
The orc hits you with a +1 vorpal hand axe.
You are too injured to fight recklessly!
You are too injured to fight recklessly!
You are too injured to fight recklessly!
You hit the orc priest but do no damage.
The orc priest is moderately wounded.
You constrict the orc priest, but do no damage.
The orc closely misses you. The orc priest misses you.
The orc hits you with a +0 dagger.
You hit the orc priest.
The orc priest is moderately wounded.
You constrict the orc priest. The orc hits you but does no damage.
The orc priest invokes the aid of Beogh against you.
Pain shoots through your body!
You die...

## ###........
.............
.#.###.###.#.. #.#
..#.#...#..
#.###.#.#.###.#
#########...#.#.#.#...#
##........._........._.#
#.....o......#.#.#.#....
......o@...###.#.#.###..
......$o)..#...#.#.. #.>
...........#.###.###.#.#
..........)............#
....$...........#### ##
#............####
##............. .
##########.... ## #.####


You could see an orc priest and 2 orcs.

Vanquished Creatures
  3 dart slugs
  An orc (D:3)
  6 bats
  6 endoplasms
  A giant cockroach (D:1)
  6 goblins
  4 hobgoblins
  8 jackals
  3 kobolds
  2 quokkas
  3 ball pythons
  3 frilled lizards
  6 rats
52 creatures vanquished.

Vanquished Creatures (others)
  18 foxfires
18 creatures vanquished.

Grand Total: 70 creatures vanquished

Notes
Turn   | Place    | Note
-------+----------+-------------------------------------------
     0 | D:1      | Barneous the Octopode Wanderer began the quest for the Orb.
     0 | D:1      | Barneous set off with the following items: a +2 dagger, a
                  | curare-tipped dart, a scroll of teleportation, a scroll of
                  | blinking; and the following spell memorised: Foxfire; and
                  | the following spells available to memorise: Conjure Flame.
     0 | D:1      | Reached XP level 1. HP: 11/11 MP: 2/2
   370 | D:1      | Reached XP level 2. HP: 15/17 MP: 3/3
   701 | D:1      | Found a faded altar of an unknown god.
   927 | D:1      | Reached XP level 3. HP: 20/22 MP: 4/4
  1137 | D:1      | Reached skill level 1 in Short Blades
  1753 | D:2      | Reached skill level 1 in Fighting
  2304 | D:2      | Reached skill level 1 in Conjurations
  2304 | D:2      | Reached XP level 4. HP: 28/28 MP: 2/5
  2642 | D:3      | Found a blossoming altar of Fedhas.
  2667 | D:3      | Found a sacrificial altar of Ru.
  2691 | D:3      | Killed from afar by an orc priest

Illustrated notes

Levels and vault maps discovered:
D:1:      minmay_arrival_floating_metal, layout_loops_ring,
          ebering_ecumenical_altar_sacrificial, amcnicky_mini_pool_small
D:2:      layout_basic, serial_bayou, serial_bayou_lagoon_b,
          serial_bayou_shore_b, serial_bayou_crossing, serial_bayou_ford_a,
          kennysheep_generic_room_14
D:3:      layout_rooms, mainiacjoe_overflow_chevrons,
          mainiacjoe_overflow_large_starburst, minmay_misc_feat_rugged,
          uniq_natasha

Skill      XL: |  1  2  3 |
---------------+----------+-----
Stealth        | 2 |  2.6
Short Blades   | 1 |  1.3
Fighting       | 1 |  1.0
Conjurations   | 1 |  1.0
Throwing       | |  5.0
Dodging        | |  1.6
Unarmed Combat | |  0.5
Spellcasting   | |  1.2
Fire Magic     | |  2.2

Action                   |  1- 3 |  4- 6 || total
-------------------------+-------+-------++-------
Melee: Dagger            |    90 |    20 ||   110
       Constrict         |    22 |     4 ||    26
       Tentacles         |    19 |     4 ||    23
       Punch             |     1 |     1 ||     2
 Cast: Foxfire           |    12 |       ||    12
  Use: Potion            |     4 |       ||     4
       Scroll            |     3 |       ||     3
 Stab: Sleeping          |     8 |     3 ||    11
       Distracted        |     2 |       ||     2
Armor: Skin              |     7 |     1 ||     8
Dodge: Dodged            |    49 |     8 ||    57
